 Dungeon Crawl Stone Soup version 0.16.2-12-gd0ad4c3 (webtiles) character file.

8404 Kloppie the Basher (level 11, -2/94 HPs)
             Began as a Vine Stalker Berserker on Nov 1, 2015.
             Was a High Priest of Trog.
             Slain by a spiny frog (3 damage)
             ... on level 1 of the Lair of Beasts on Nov 2, 2015.
             The game lasted 00:36:56 (10175 turns).

Kloppie the Basher (Vine Stalker Berserker)        Turns: 10175, Time: 00:36:56

Health: -2/94      AC: 18    Str: 28    XL:     11   Next: 30%
Magic:  0/5        EV:  8    Int:  7    God:    Trog [*****.]
Gold:   562        SH:  0    Dex: 14    Spells: 0 memorised, 10 levels left

rFire  + . .     SeeInvis +     a - +2 morningstar (antimagic)
rCold  . . .     Clarity  .     I - +0 plate armour
rNeg   . . .     SustAb   .     (no shield)
rPois  .         Gourm    .     (no helmet)
rElec  +         Spirit   +     h - +0 cloak
rCorr  +         Warding  .     r - +0 pair of gloves
rMut   .         Stasis   .     i - +0 pair of boots {run}
MR     +++..                    Y - amulet of resist corrosion (curse)
Stlth  ..........               (no ring)
                                w - ring of see invisible

@: berserking, lethally poisoned (-2 -> -11), regenerating, very quick,
extremely resistant to hostile enchantments, extremely unstealthy
A: fangs 3, hooves 1, molten scales 1, fire resistance 1, regeneration 2,
electricity resistance, magic shield, antimagic bite, no device heal 3, rot
immunity
a: Burn Spellbooks, Berserk, Trog's Hand, Brothers in Arms, Renounce Religion


You were on level 1 of the Lair of Beasts.
You worshipped Trog.
Trog was extremely pleased with you.
You were hungry.

You visited 3 branches of the dungeon, and saw 13 of its levels.

You collected 731 gold pieces.
You spent 169 gold pieces at shops.

Inventory:

Hand weapons
 a - a +2 antimagic morningstar (weapon)
 b - a +0 blowgun
Missiles
 E - 17 poisoned needles
Armour
 h - a +0 cloak (worn)
 i - a +0 pair of boots of running (worn)
 r - a +0 pair of gloves (worn)
 I - a +0 plate armour (worn)
Jewellery
 q - an uncursed ring of teleportation
 w - a ring of see invisible (left hand)
 Y - a cursed amulet of resist corrosion (around neck)
Magical devices
 J - a wand of paralysis (13)
Scrolls
 d - a scroll of fog
 x - 5 scrolls of blinking
 y - a scroll of recharging
 B - 2 scrolls of summoning
 F - a scroll of teleportation
 O - 5 scrolls of remove curse
Potions
 g - 8 potions of curing
 j - 3 potions of restore abilities
 n - 3 potions of agility
 o - a potion of might
 p - a potion of invisibility
 s - 3 potions of flight
 T - a potion of magic {unknown}
 W - a potion of cancellation {unknown}
Comestibles
 c - 8 bread rations


   Skills:
 - Level 10.0 Fighting
 - Level 10.0 Maces & Flails
 + Level 7.8 Armour
 - Level 1.5 Dodging


You had 10 spell levels left.
You didn't know any spells.

Dungeon Overview and Level Annotations

Branches:
Dungeon (11/15)            Temple (1/1) D:5            Lair (1/8) D:11
    Orc (0/4) D:10

Altars:
Ashenzari
Cheibriados
Dithmenos
Elyvilon
Fedhas
Gozag
Kikubaaqudgha
Makhleb
Nemelex Xobeh
Okawaru
Qazlal
Ru
Sif Muna
Trog
Vehumet
Xom
Yredelemnul
Zin
The Shining One

Shops:
D:6 !

Annotations:
D:8 exclusion: oklob sapling


Innate Abilities, Weirdness & Mutations

You have razor-sharp teeth.
You heal very quickly.
When hurt, damage is shared between your health and your magic reserves.
Your bite disrupts and absorbs the magic of your enemies.
Potions and wands cannot restore your health.
You are immune to rotting.
You have large cloven feet.
You are partially covered in molten scales (AC +1).
Your flesh is heat resistant.
You are resistant to electric shocks.


Message History

You feel sick.
Items here: ! / [ | a staff of cold; a robe of cold resistance; a wand of teleportation {zapped: 1} a potion of poison Use which ability? (? or * to list)
Your skin crawls.
You feel resistant to hostile enchantments.
You feel slightly more hungry.
You feel sick. The spiny frog barely misses you. The spiny frog stings you!
* * * LOW HITPOINT WARNING * * *
You are more poisoned.
The spiny frog poisons you!
Use which ability? (? or * to list)
A red film seems to cover your vision as you go berserk!
You feel yourself moving faster!
You feel mighty!
You are feeling hungry.
* * * LOW HITPOINT WARNING * * *
You feel very sick. The spiny frog stings you.
You die...

#.## ##..####..##
#..####...##.....# #.#
##....<.#...#.###.## ....
#.....####...## ##.##...#
##...##.# ##.## #......#
......#.###..# ##..#...#
.............# #....#...#
.............####..........
..............#.@..........
...............F.........#
........................##
.......................##
.......................
#......##..###.####..
.......# ### # .... .#...


You could see a spiny frog.

Vanquished Creatures
  Fannar (Lair:1)
  The ghost of Kloppie the Fighter, an experienced GrFi of the Shining One (D:6)
  Pikel (D:8)
  A hill giant (D:11)
  The ghost of happy2pester the Cudgeler, an average HOGl of Beogh (D:4)
  Prince Ribbit (D:5)
  3 wyverns
  2 hungry ghosts
  4 yaks
  2 water moccasins (D:8)
  A hippogriff (D:9)
  A soldier ant (D:11)
  3 orc warriors
  A porcupine (Lair:1)
  5 ogres
  An ice beast (D:11)
  2 black bears
  2 phantoms
  2 crocodiles
  Duvessa (D:8)
  A big kobold (D:9)
  Blork the orc (D:6)
  3 giant frogs
  2 scorpions
  A water moccasin skeleton (D:8)
  6 killer bees (D:7)
  5 wights (D:4)
  2 quasits
  2 centaur zombies
  A goliath beetle (D:9)
  6 orc priests
  5 crimson imps
  3 hounds
  2 jellies
  A centaur skeleton (D:7)
  5 orc wizards
  2 iguanas
  7 worker ants
  A killer bee zombie (D:7)
  Ijyb (D:7)
  Jessica (D:2)
  A mummy (D:11)
  12 adders
  7 gnolls
  2 giant mites
  2 shadow imps (D:8)
  4 worms
  3 adder skeletons
  39 orcs
  12 goblins
  16 hobgoblins
  4 jackals (D:1)
  3 oozes
  3 quokkas
  5 ball pythons (D:8)
  21 bats
  2 giant cockroaches
  A giant gecko (D:8)
  7 giant newts
  14 kobolds
  A quokka zombie (D:9)
  14 rats
  A ballistomycete (D:8)
  2 fungi (D:7)
270 creatures vanquished.

Vanquished Creatures (collateral kills)
  Psyche (D:8)
  An adder (D:8)
2 creatures vanquished.

Vanquished Creatures (others)
  A slave (D:9)
  An ice beast (D:9)
  Dowan (D:8)
  2 giant spores (D:8)
  2 kobolds (D:9)
  4 fungi (D:7)
  3 plants (D:8)
14 creatures vanquished.

Grand Total: 286 creatures vanquished

Notes
Turn   | Place    | Note
--------------------------------------------------------------
     0 | D:1      | Kloppie, the Vine Stalker Berserker, began the quest for the Orb.
     0 | D:1      | Reached XP level 1. HP: 11/11 MP: 1/1
    60 | D:1      | Reached skill level 3 in Maces & Flails
    67 | D:1      | Reached XP level 2. HP: 16/16 MP: 3/3
   231 | D:1      | Acquired Trog's second power
   539 | D:1      | Reached XP level 3. HP: 20/20 MP: 4/4
   789 | D:2      | Found a glowing silver altar of Zin.
   839 | D:2      | Noticed Jessica
   843 | D:2      | Killed Jessica
   868 | D:2      | Found a bloodstained altar of Trog.
  1087 | D:2      | Reached XP level 4. HP: 25/25 MP: 5/5
  1137 | D:2      | Found a snail-covered altar of Cheibriados.
  1560 | D:3      | Reached skill level 4 in Fighting
  1560 | D:3      | Reached XP level 5. HP: 22/29 MP: 5/7
  1925 | D:3      | Acquired Trog's third power
  2119 | D:4      | Gained mutation: You heal very quickly. [vine stalker growth]
  2119 | D:4      | Reached XP level 6. HP: 30/34 MP: 8/8
  2168 | D:4      | Noticed an ogre
  2178 | D:4      | Killed an ogre
  2312 | D:4      | Reached skill level 5 in Fighting
  2312 | D:4      | Reached skill level 5 in Maces & Flails
  2358 | D:4      | Reached XP level 7. HP: 39/39 MP: 9/9
  2783 | D:4      | Noticed happy2pester's ghost (average HOGl)
  2806 | D:4      | Killed happy2pester's ghost
  2806 | D:4      | Reached skill level 6 in Fighting
  2987 | D:5      | Entered Level 5 of the Dungeon
  2993 | D:5      | Noticed Prince Ribbit
  3039 | D:5      | Killed Prince Ribbit
  3039 | D:5      | Gained mutation: You have razor-sharp teeth. [vine stalker growth]
  3039 | D:5      | Reached XP level 8. HP: 37/45 MP: 8/11
  3245 | D:5      | Found a glowing golden altar of the Shining One.
  3246 | D:5      | Noticed an angel
  3600 | D:5      | Found a staircase to the Ecumenical Temple.
  3609 | Temple   | Entered the Ecumenical Temple
  3858 | D:5      | Found a basalt altar of Yredelemnul.
  3859 | D:5      | Noticed a profane servitor
  4210 | D:6      | Found Ciunaxau's Distillery.
  4213 | D:6      | Bought a potion of might for 52 gold pieces
  4213 | D:6      | Bought a potion of agility for 52 gold pieces
  4213 | D:6      | Bought a potion of restore abilities for 65 gold pieces
  4299 | D:6      | Noticed Blork the orc
  4303 | D:6      | Killed Blork the orc
  4303 | D:6      | Reached skill level 7 in Fighting
  4433 | D:6      | Noticed Kloppie's ghost (experienced GrFi)
  4458 | D:6      | Killed Kloppie's ghost
  4458 | D:6      | Reached skill level 8 in Fighting
  4458 | D:6      | Reached XP level 9. HP: 43/51 MP: 12/12
  4678 | D:6      | Found a burning altar of Makhleb.
  4941 | D:6      | Identified a scroll of acquirement
  4948 | D:6      | Identified a +0 pair of boots of running (You acquired it on level 6 of the Dungeon)
  5100 | D:7      | Found an iron altar of Okawaru.
  5111 | D:7      | Noticed Ijyb
  5121 | D:7      | Killed Ijyb
  5234 | D:7      | Found a shimmering altar of Xom.
  5277 | D:7      | Received a gift from Trog
  5651 | D:7      | Reached skill level 9 in Fighting
  5718 | D:7      | Found a sacrificial altar of Ru.
  6427 | D:8      | Reached XP level 10. HP: 54/58 MP: 4/13
  6623 | D:8      | Paralysed by an orc for 4 turns
  6754 | D:8      | Noticed Psyche
  6762 | D:8      | Killed Psyche
  6964 | D:8      | Noticed Duvessa
  6964 | D:8      | Noticed Dowan
  6965 | D:8      | Killed Dowan
  6972 | D:8      | Killed Duvessa
  7398 | D:8      | Reached skill level 10 in Maces & Flails
  7503 | D:9      | Reached skill level 10 in Fighting
  7513 | D:9      | Noticed Pikel
  7554 | D:8      | Killed Pikel
  8118 | D:9      | Reached skill level 5 in Armour
  8157 | D:9      | Found a radiant altar of Vehumet.
  8161 | D:9      | Identified Vehumet's Volume of Arcane Weapons
  8165 | D:9      | Found an ancient bone altar of Kikubaaqudgha.
  8169 | D:9      | Identified Kikubaaqudgha's Papyrus of Darkness
  8173 | D:9      | Found a deep blue altar of Sif Muna.
  8177 | D:9      | Identified Sif Muna's Reference Book on Cold
  8430 | D:10     | Entered Level 10 of the Dungeon
  8714 | D:10     | Found a staircase to the Orcish Mines.
  9064 | D:11     | Found a snail-covered altar of Cheibriados.
  9085 | D:10     | Reached XP level 11. HP: 57/63 MP: 5/15
  9260 | D:11     | Received a gift from Trog
  9286 | D:11     | Noticed a hill giant
  9310 | D:11     | Killed a hill giant
  9465 | D:11     | Found a staircase to the Lair.
  9790 | D:11     | Gained mutation: Your flesh is heat resistant. [potion of mutation]
  9790 | D:11     | Gained mutation: You are resistant to electric shocks. [potion of mutation]
  9790 | D:11     | Gained mutation: You are partially covered in molten scales (AC +1). [potion of mutation]
  9791 | D:11     | Gained mutation: You have large cloven feet. [potion of beneficial mutation]
 10050 | Lair:1   | Entered Level 1 of the Lair of Beasts
 10085 | Lair:1   | Noticed Fannar
 10172 | Lair:1   | Killed Fannar
 10174 | Lair:1   | HP: 2/63 [spiny frog (9)]
 10175 | Lair:1   | Slain by a spiny frog

Action                   |  1- 3 |  4- 6 |  7- 9 | 10-12 || total
-------------------------+-------+-------+-------+-------++-------
Melee: Mace              |    95 |   182 |    97 |       ||   374
       Flail             |       |       |   105 |       ||   105
       Morningstar       |       |       |    89 |   267 ||   356
 Fire: Blowgun           |       |       |       |    11 ||    11
Invok: Trog's Hand       |       |     2 |     5 |     3 ||    10
       Berserk           |       |     2 |     6 |     4 ||    12
       Brothers in Arms  |       |       |       |     1 ||     1
Evoke: Wand              |       |       |       |     1 ||     1
  Use: Scroll            |       |       |    12 |     8 ||    20
       Potion            |       |       |       |     2 ||     2
  Eat: Chunk             |       |     6 |    14 |     7 ||    27
       Meat ration       |       |       |     1 |       ||     1
       Pizza             |       |       |     2 |       ||     2
       Beef jerky        |       |       |       |     4 ||     4
       Fruit             |       |       |       |     1 ||     1
